AoeStats
← Irving Legend

Arena

510754801Analyzed
2v2 RM · 17h ago on Oct 2, 2026· 38m 52s· 4 players
Game mode
Random Map
Map size
Medium (4 player)
Population
200
Speed
Normal
Resources
Standard
Victory
Conquest
Starting age
Dark Age
Ending age
Imperial Age
RankedLock teamsTeams togetherTeam positionsShared explorationLock speedFull tech treeHidden civsTurbo modeCheats
Victory
Defeat
🇺🇸 Shu · United States
1177
+13
🇩🇪 Romans · Germany
1135
+15
🇨🇦 Italians · Canada
1141
-15
🇨🇴 Bengalis · Colombia
1098
-13
Trob
4:07 Loom
9:49 Feudal Age
16:13 Castle Age
14:17 Man-at-Arms
15:21 Scale Mail Armor
17:03 Horse Collar
17:10 Double-Bit Axe
28:37 Imperial Age
26:35 Squires
26:34 Gold Mining
26:41 Town Watch
27:52 Chain Mail Armor
28:14 Ballistas
29:23 Ballistics
30:23 Wheelbarrow
31:11 Chemistry
30:43 Forging
30:20 Long Swordsman
31:20 Capped Ram
31:38 Pikeman
33:02 Legionary
35:01 Heavy Scorpion
39:17 Iron Casting
38:53 Siege Engineers
Sayri89
9:34 Feudal Age
15:53 Castle Age
14:06 Double-Bit Axe
14:24 Horse Collar
15:36 Fletching
17:15 Bodkin Arrow
17:23 Crossbowman
19:38 Gold Mining
21:18 Wheelbarrow
21:18 Town Watch
23:39 Padded Archer Armor
24:27 Bow Saw
25:26 Ballistics
25:46 Hand Cart
27:26 Thumb Ring
30:55 Imperial Age
28:44 Treadmill Crane
30:22 Town Patrol
31:01 Gold Shaft Mining
30:17 Stone Mining
30:48 Leather Archer Armor
31:07 Arbalester
33:13 Bracer
39:24 Ring Archer Armor
Thousk_
11:13 Feudal Age
12:22 Double-Bit Axe
14:57 Castle Age
13:15 Horse Collar
17:02 Bow Saw
24:26 Loom
26:22 Wheelbarrow
30:25 Imperial Age
28:16 Fletching
29:22 Bodkin Arrow
29:43 Padded Archer Armor
31:26 Gold Mining
32:16 Bracer
32:46 Leather Archer Armor
32:44 Bloodlines
33:09 Elite Elephant Archer
36:15 Light Cavalry
37:48 Onager
Irving Legend
10:45 Feudal Age
15:21 Castle Age
13:23 Double-Bit Axe
13:19 Horse Collar
16:21 Bow Saw
19:28 Town Watch
23:22 Gold Mining
25:53 Heavy Plow
25:56 Fletching
26:07 Padded Archer Armor
28:23 Wheelbarrow
27:33 Loom
31:16 Imperial Age
29:04 Bodkin Arrow
30:03 Ballistics
29:24 Treadmill Crane
29:55 Masonry
29:19 Crossbowman
30:11 Thumb Ring
31:36 Leather Archer Armor
31:23 Stone Mining
33:02 Chemistry
32:35 Guilds
31:54 Arbalester
33:39 Conscription
34:07 Forging
33:58 Bracer
36:12 Ring Archer Armor
Connection lost

Rejoining the realm…

Still unreachable

The connection could not be restored.

Session expired

The server has moved on; the page needs a fresh start.